Map: Ephemeron LE

Players

SKillous

  • Race: Protoss Protoss
  • League: Grandmaster
  • Spawn Location: 11:00

Kelazhur - Winner!

  • Race: Terran Terran
  • Spawn Location: 5:00

VOD

Have the link to the VOD?

Description

Time

  • Played on: Jan. 13, 2020, 2:57 p.m.
  • Length: 8:50
Show
View Real Time Build Order
Export as new Build Order

SKillous Protoss 

Build Orders: 1 Gate Expand, Phoenix Opening, Blink Stalkers 

Get SALT Encoding   

  12  0:00  Probe  
  13  0:13  Probe  
  14  0:18  Pylon  
  14  0:25  Probe  
  15  0:36  Gateway  
  15  0:38  Probe (Chrono Boost)  
  16  0:44  Assimilator  
  16  0:48  Probe (Chrono Boost)  
  17  0:54  Probe  
  18  1:06  Probe  
  19  1:18  Probe  
  20  1:24  Cybernetics Core  
  20  1:33  Nexus  
  20  1:36  Probe  
  21  1:43  Pylon  
  21  1:49  Assimilator  
  21  1:52  Probe  
  22  1:59  Adept (Chrono Boost)  
  22  2:01  Warp Gate  
  22  2:05  Probe  
  25  2:18  Probe  
  26  2:23  Sentry (Chrono Boost)  
  28  2:30  Probe  
  29  2:42  Gateway  
  31  2:44  Twilight Council  
  31  2:46  Probe (Chrono Boost)  
  31  2:49  Probe (Chrono Boost)  
  31  2:52  Phoenix  
  31  2:53  Stalker  
  31  2:56  Probe (Chrono Boost)  
  35  2:58  Probe (Chrono Boost)  
  35  3:01  Probe (Chrono Boost)  
  38  3:13  Probe x2 (Chrono Boost)  
  37  3:21  Probe (Chrono Boost), Blink (Chrono Boost)  
  37  3:23  Probe (Chrono Boost)  
  38  3:27  Probe  
  38  3:28  Pylon  
  38  3:33  Probe  
  39  3:40  Probe (Chrono Boost)  
  40  3:45  Probe (Chrono Boost)  
  43  3:56  Probe (Chrono Boost)  
  43  3:57  Probe (Chrono Boost)  
  43  3:58  Nexus  
  43  4:00  Pylon  
  43  4:01  Probe (Chrono Boost)  
  44  4:03  Probe (Chrono Boost)  
  44  4:04  Stalker  
  44  4:08  Stalker  
  49  4:11  Probe  
  49  4:15  Probe  
  51  4:17  Assimilator  
  51  4:19  Pylon  
  51  4:23  Probe  
  52  4:27  Probe  
  52  4:31  Stalker x2  
  55  4:35  Probe  
  58  4:39  Probe  
  59  4:47  Probe  
  59  4:50  Gateway  
  59  4:51  Gateway  
  59  4:52  Probe  
  59  4:55  Robotics Facility  
  59  4:59  Probe  
  60  5:03  Gateway  
  60  5:04  Probe  
  61  5:08  Gateway  
  61  5:10  Probe  
  61  5:12  Probe  
  63  5:14  Gateway  
  63  5:16  Probe  
  64  5:22  Probe  
  64  5:24  Probe  
  64  5:25  Stalker x2  
  64  5:28  Probe  
  71  5:29  Charge  
  71  5:35  Probe  
  70  5:36  Probe  
  70  5:40  Probe  
  70  5:42  Observer (Chrono Boost)  
  71  5:47  Probe  
  71  5:48  Probe  
  71  5:49  Stalker  
  72  5:52  Probe (Chrono Boost)  
  72  5:55  Observer (Chrono Boost)  
  74  6:04  Probe x2 (Chrono Boost)  
  77  6:05  Probe (Chrono Boost)  
  77  6:11  Probe (Chrono Boost)  
  77  6:13  Probe x2 (Chrono Boost)  
  76  6:22  Probe (Chrono Boost)  
  76  6:23  Warp Prism (Chrono Boost)  
  76  6:24  Probe (Chrono Boost)  
  76  6:29  Probe (Chrono Boost)  
  79  6:37  Stalker x2  
  81  6:41  Pylon  
  81  6:42  Pylon  
  81  6:44  Pylon x2  
  81  6:46  Pylon x2  
  81  6:50  Pylon  
  81  6:52  Pylon  
  81  6:53  Stalker x2  
  85  6:57  Pylon  
  85  6:58  Pylon  
  85  7:03  Sentry x2  
  85  7:04  Sentry x2  
  85  7:08  Gateway  
  93  7:10  Gateway  
  93  7:11  Observer  
  93  7:19  Gateway  
  93  7:20  Gateway  
  93  7:27  Zealot x6  
  85  7:50  Stalker x6  
  66  8:15  Zealot x3, Stalker x6  
  66  8:16  Zealot  
  88  8:22  Pylon  
  88  8:24  Observer  
  88  8:25  Pylon  
  83  8:39  Zealot x10  
Show
View Real Time Build Order
Export as new Build Order

Kelazhur Terran - Winner!

Build Orders: Reaper Expand, Banshee Rush 

Get SALT Encoding   

  12  0:00  SCV  
  13  0:12  SCV  
  14  0:17  Supply Depot  
  14  0:24  SCV  
  15  0:38  SCV  
  15  0:39  Barracks  
  16  0:43  Refinery  
  16  0:50  SCV  
  17  1:02  SCV  
  18  1:15  SCV  
  19  1:26  Reaper  
  19  1:27  Orbital Command  
  20  1:41  Command Center  
  20  1:50  Supply Depot  
  20  1:52  SCV  
  21  1:58  Marine  
  22  2:05  Factory  
  22  2:08  SCV  
  23  2:16  Bunker  
  23  2:19  Barracks Reactor  
  23  2:20  SCV  
  24  2:29  Refinery  
  24  2:32  SCV  
  26  2:44  SCV  
  26  2:54  Orbital Command  
  26  2:56  Marine x2  
  26  2:57  SCV, Starport  
  29  3:03  Factory Tech Lab  
  29  3:12  SCV  
  30  3:13  Marine  
  30  3:14  Marine  
  32  3:21  SCV  
  32  3:24  SCV, Supply Depot  
  34  3:33  SCV  
  34  3:35  Marine x2  
  34  3:36  SCV  
  34  3:39  Banshee  
  40  3:45  SCV  
  40  3:48  SCV  
  42  3:51  Supply Depot  
  42  3:53  Marine x2, Cloaking Field  
  44  3:57  SCV  
  44  4:02  SCV  
  46  4:10  Command Center  
  46  4:11  Marine x2  
  46  4:12  SCV  
  46  4:14  SCV  
  50  4:21  Supply Depot  
  50  4:22  Banshee  
  53  4:24  Engineering Bay  
  53  4:25  SCV  
  53  4:27  SCV  
  53  4:29  Marine  
  53  4:30  Marine  
  57  4:36  Factory Tech Lab  
  57  4:38  SCV  
  57  4:39  SCV, Supply Depot  
  59  4:51  SCV x2, Marine x2  
  63  4:53  Missile Turret  
  63  4:56  Siege Tank  
  63  4:57  Barracks  
  66  5:03  SCV x2  
  68  5:09  Marine x2  
  70  5:15  SCV x2  
  70  5:16  Raven, Barracks  
  74  5:22  Barracks, Orbital Command  
  74  5:26  Refinery  
  74  5:27  SCV x2  
  76  5:28  Refinery  
  76  5:32  Marine x2  
  78  5:39  SCV x2  
  80  5:49  SCV  
  81  5:50  Marine  
  81  5:51  Factory Reactor, Supply Depot  
  81  5:53  SCV  
  81  5:56  SCV  
  84  6:01  SCV, Marine  
  84  6:02  Stimpack  
  84  6:03  Marauder  
  88  6:10  SCV  
  89  6:12  Marine  
  89  6:14  Barracks Reactor, Marauder  
  89  6:17  Barracks  
  89  6:18  SCV, Starport Reactor  
  93  6:21  Marine  
  93  6:23  Orbital Command  
  93  6:24  Marauder  
  96  6:29  Combat Shield, Widow Mine x2  
  96  6:30  Terran Infantry Weapons Level 1  
  96  6:32  SCV  
  98  6:38  Supply Depot  
  98  6:39  Marauder  
  100  6:40  Marine  
  101  6:49  Supply Depot  
  101  6:51  Supply Depot  
  101  7:00  SCV x2, Medivac x2, Marauder  
  109  7:01  Refinery  
  109  7:02  Refinery  
  109  7:04  Supply Depot x2  
  109  7:06  Supply Depot  
  109  7:08  Barracks Tech Lab  
  109  7:11  Marine x3, SCV, Widow Mine x2  
  109  7:12  Marine  
  109  7:13  SCV x2, Marauder  
  121  7:23  SCV, Marauder  
  121  7:25  SCV  
  121  7:26  SCV  
  121  7:27  Concussive Shells, Marauder  
  128  7:32  Armory, Engineering Bay  
  128  7:33  Supply Depot  
  128  7:34  Marauder  
  128  7:35  SCV  
  128  7:37  SCV  
  113  7:45  Marauder  
  113  7:47  Marine  
  113  7:48  Marine x3, Marauder  
  113  7:49  SCV  
  117  7:56  Marauder  
  118  8:05  Marine  
  109  8:06  Marauder  
  109  8:09  Marauder  
  109  8:10  Marine x3  
  109  8:11  SCV x2  
  119  8:17  Marauder  
  119  8:18  Widow Mine  
  119  8:19  Barracks, Widow Mine  
  125  8:20  Barracks  
  125  8:21  Barracks  
  125  8:23  Marine  
  125  8:26  Command Center  
  126  8:27  Marauder  
  126  8:28  Marine  
Tags
 
Add a new tag
Caveats
  • Supply blocks, unpowered buildings, or Contaminate may cause inaccurate times.
  • Supply counts are checked every 10 seconds.